 Dungeon Crawl Stone Soup version 0.30-a0-778-g2ef04afb54 (webtiles) character file.

Game seed: 8586518214908622280

30 sircluck the Trooper (level 3, -2/33 HPs)
             Began as a Hill Orc Fighter on Feb 16, 2023.
             Slain by Sigmund
             ... wielding a +1 scythe of venom
              (6 damage)
             ... on level 2 of the Dungeon.
             The game lasted 00:01:14 (557 turns).

sircluck the Trooper (Hill Orc Fighter)              Turns: 557, Time: 00:01:14

Health: -2/33      AC:  7    Str: 20    XL:     3   Next: 20%
Magic:  3/3        EV:  9    Int:  8    God:
Gold:   61         SH:  4    Dex: 10    Spells: 2/2 levels left

rFire   . . .      SeeInvis .    a - +0 war axe
rCold   . . .      Faith    .    c - +0 buckler
rNeg    . . .      Spirit   .    b - +0 scale mail
rPois   .          Reflect  .    (no helmet)
rElec   .          Harm     .    (no cloak)
rCorr   .          Rampage  .    (no gloves)
Will    .....                    (no boots) Stlth
                                 (no amulet)
HPRegen 0.25/turn                (no ring)
MPRegen 0.08/turn                (no ring)

@: lethally poisoned (-2 -> -9)
A: no striking features
a: no special abilities


You were on level 2 of the Dungeon.
You visited 1 branch of the dungeon, and saw 2 of its levels.

You collected 61 gold pieces.

Inventory:

Hand Weapons
 a - a +0 war axe (weapon)
Missiles
 g - 13 stones (quivered)
Armour
 b - a +0 scale mail (worn)
 c - a +0 buckler (worn)
 h - a +0 helmet
Jewellery
 l - a ring of flight
Scrolls
 i - a scroll of teleportation {unknown}
 n - a scroll of magic mapping {unknown}
 p - 2 scrolls of amnesia {unknown}
Potions
 d - a potion of might
 e - a potion of heal wounds
 f - a potion of haste {unknown}
 j - a potion of magic {unknown}
 k - a potion of brilliance
 m - 2 potions of invisibility {unknown}
 o - a potion of degeneration {unknown}


   Skills:
 + Level 4.0 Fighting
 + Level 3.4 Axes
 + Level 3.9 Armour
 + Level 3.4 Shields


You had 2 spell levels left.
You didn't know any spells.
Your spell library contained the following spells:

 Spells                   Type           Power      Damage    Failure   Level
 Apportation              Tloc           0%         N/A       85%         1
 Necrotise                Necr           0%         1d4       85%         1
 Summon Small Mammal      Summ           0%         N/A       85%         1


Dungeon Overview and Level Annotations

Branches:
Dungeon (2/15)

Altars:

Annotations:
D:2 Sigmund


Message History

No target in view!
No target in view!
No target in view!
No target in view!
No target in view!
No target in view!
No target in view!
You slash something! Something hits you.
You miss something. You block something's attack.
You hit something.
You hear some strange, mumbled words.
You are confused.
Something hits you.
You are poisoned.
You feel very sick.
You're too confused to move!
You feel very sick. Something hits you.
You are lethally poisoned!
You feel very sick.
You feel very sick. Something hits you.
* * * LOW HITPOINT WARNING * * *
You are more poisoned.
It was a potion of heal wounds.
You feel much better.
You feel very sick.
You start resting.
You feel less confused.
You feel very sick.
You hear some strange, mumbled words.
A puff of flame appears from out of thin air!
The puff of flame hits you.
You barely miss something.
You feel very sick. Something hits you.
* * * LOW HITPOINT WARNING * * *
You miss something.
* * * LOW HITPOINT WARNING * * *
You feel very sick. Something hits you.
You die...

#. ##.## #...#
###...### #.......#
#......<# #.......#
#.{..# #..@.#
####.# # #.# #. #.#
#### #.# #.P.#
#.########
P..PP#####.........
P.P.#..##.#######.
.P...#.....#


There were no monsters in sight!

Vanquished Creatures
  2 dart slugs (D:1)
  A ball python (D:1)
  4 bats (D:1)
  3 endoplasms (D:1)
  2 giant cockroaches (D:1)
  2 goblins (D:1)
  3 hobgoblins (D:1)
  2 quokkas (D:1)
  2 frilled lizards (D:1)
  3 rats (D:1)
24 creatures vanquished.

Notes
Turn   | Place    | Note
-------+----------+-------------------------------------------
     0 | D:1      | sircluck the Hill Orc Fighter began the quest for the Orb.
     0 | D:1      | Reached XP level 1. HP: 19/19 MP: 1/1
    43 | D:1      | Reached XP level 2. HP: 17/27 MP: 2/2
   251 | D:1      | Reached XP level 3. HP: 33/33 MP: 3/3
   264 | D:1      | Reached skill level 4 in Fighting
   544 | D:2      | Noticed Sigmund
   557 | D:2      | Slain by Sigmund

Illustrated notes

Levels and vault maps discovered:
D:1:      spicycebolla_arrival_ecumenical, layout_rooms, st_stairs_10
D:2:      layout_loops_ring, serial_aquarium, aquarium_bridge_square
          [aquarium_subvault_wall, aquarium_subvault_bridge,
          aquarium_subvault_balcony, aquarium_subvault_bridge],
          aquarium_window_fake, aquarium_window_1, aquarium_window_3,
          aquarium_view_2c, aquarium_view_4, aquarium_balcony_5a,
          aquarium_pool_2, minmay_joined_circles, uniq_sigmund

Skill      XL: |  1  2  3 |
---------------+----------+-----
Axes           | 3 |  3.4
Fighting       | 4 |  4.0
Armour         | |  3.9
Shields        | |  3.4

Action                     || total
---------------------------++-------
  Melee: War axe           ||    67
    Use: Potion            ||     1
 Armour: Scale mail        ||    31
  Dodge: Dodged            ||    36
  Block: Buckler           ||    15

Table legend: (Time is in decaauts)
 A = Elapsed time spent in this place.
 B = Non-inter-level travel time spent in this place.
 C = Inter-level travel time spent in this place.
 D = Time resting spent in this place.
 E = Time spent auto-exploring this place.
 F = Levels seen in this place.
 G = Mean time per level.
                   A        B        C        D        E       F      G
               +--------+--------+--------+--------+--------+-----+--------+
         Total |    582 |    574 |      8 |      0 |    389 |   2 |  291.0 |
       Dungeon |    582 |    574 |      8 |      0 |    389 |   2 |  291.0 |
               +--------+--------+--------+--------+--------+-----+--------+

Top non-repeatable levels by time:
     D:1: 525 daAuts
     D:2: 57 daAuts
